 Dungeon Crawl Stone Soup version 0.29-a0-334-gb41bcbb86e (webtiles) character file.

Game seed: 5307792776092744270

347390 zishaf the Lord of Darkness (level 23, -7/187 HPs)
             Began as a Human Necromancer on Apr 13, 2022.
             Was the Champion of Kikubaaqudgha.
             Mangled by a caustic shrike (25 damage)
             ... while paralysed by a floating eye
             ... on level 2 of the Depths.
             The game lasted 03:37:07 (62475 turns).

zishaf the Lord of Darkness (Human Necromancer)    Turns: 62475, Time: 03:37:08

Health: -7/187     AC: 25    Str:  9    XL:     23   Next: 15%
Magic:  32/47      EV:  2    Int: 31    God:    Kikubaaqudgha [******]
Gold:   6398       SH:  0    Dex: 20    Spells: 4/44 levels left

rFire   + + .      SeeInvis +   w - staff of death
rCold   + + .      Faith    .   B - +2 tower shield
rNeg    + + +      Spirit   .   D - quicksilver dragon scales
rPois   +          Reflect  .   s - +2 helmet of the Solstice {rElec rCorr Int+4}
rElec   +          Harm     +   F - +1 cloak of the Evening Star {Harm rPois MP+9 SInv}
rCorr   +          Rampage  .   C - +1 pair of gloves "Rimol" {Contam rN++ Regen+ Int+3}
Will    +++..                   M - +1 pair of boots
Stlth   ++........              o - amulet of regeneration
HPRegen 2.01/turn               K - +4 ring of protection
MPRegen 0.30/turn               d - ring "Hisiecag" {rF+ Will+ rCorr Dex+4}

@: paralysed, resistant, hasted, studying Transmutations
A: cold resistance 1, screaming 1
}: 2/15 runes: decaying, serpentine
a: Renounce Religion, Receive Corpses, Torment, Brand Weapon With Pain, Receive
Forbidden Knowledge


You were on level 2 of the Depths.
You worshipped Kikubaaqudgha.
Kikubaaqudgha was exalted by your worship.
You visited 8 branches of the dungeon, and saw 37 of its levels.
You also visited: Sewer, Bailey, Gauntlet and Ice Cave.

You collected 9651 gold pieces.
You spent 3253 gold pieces at shops.

Inventory:

Hand Weapons
 b - the +9 hand crossbow "Rumep" {elec, Dex+4}
   (You found it in a Gauntlet)

   Any ammunition fired from it occasionally discharges a powerful burst of
   electricity upon striking a foe.
   Dex:       It affects your dexterity (+4).
 x - a +4 broad axe
Missiles
 r - 2 throwing nets
Armour
 s - the +2 helmet of the Solstice (worn) {rElec rCorr Int+4}
   (You acquired it on level 8 of the Dungeon)

   Int:       It affects your intelligence (+4).
   rElec:     It insulates you from electricity.
   rCorr:     It protects you from acid and corrosion.
 A - a +2 robe of resistance
 B - a +2 tower shield (worn)
 C - the +1 pair of gloves "Rimol" (worn) {Contam rN++ Regen+ Int+3}
   (You bought it in a shop on level 8 of the Dungeon)

   Int:       It affects your intelligence (+3).
   rN:        It greatly protects you from negative energy.
   Contam:    It causes magical contamination when unequipped.
   Regen:     It increases your rate of health regeneration.
 D - quicksilver dragon scales (worn)
 F - the +1 cloak of the Evening Star (worn) {Harm rPois MP+9 SInv}
   (You found it on level 6 of the Dungeon)

   rPois:     It protects you from poison.
   MP:        It affects your magic capacity (+9).
   SInv:      It lets you see invisible.
   Harm:      It increases damage dealt and taken.
 M - a +1 pair of boots (worn)
Magical Staves
 a - a staff of earth
 w - a staff of death (weapon)
Jewellery
 d - the ring "Hisiecag" (right hand) {rF+ Will+ rCorr Dex+4}
   (You found it in a Gauntlet)

   [ring of resist corrosion]

   Dex:       It affects your dexterity (+4).
   rF:        It protects you from fire.
   rCorr:     It protects you from acid and corrosion.
   Will:      It increases your willpower.
 o - an amulet of regeneration (around neck)
 t - a ring of protection from fire
 K - a +4 ring of protection (left hand)
 Q - a ring of protection from cold
Wands
 z - a wand of iceblast (50)
 S - a wand of digging (8)
 Y - a wand of acid (20)
Scrolls
 e - 4 scrolls of brand weapon
 f - a scroll of silence
 i - 15 scrolls of teleportation
 l - 9 scrolls of magic mapping
 q - 3 scrolls of fog
 y - 2 scrolls of torment
 G - 3 scrolls of summoning
 I - 7 scrolls of fear
 L - 6 scrolls of enchant armour
 N - 2 scrolls of holy word
 P - 8 scrolls of blinking
 U - 11 scrolls of immolation
Potions
 c - 6 potions of flight
 g - 3 potions of magic
 h - 4 potions of invisibility
 j - 11 potions of heal wounds
 k - 9 potions of haste
 m - 6 potions of resistance
 n - 8 potions of brilliance
 p - 21 potions of curing
 u - 3 potions of cancellation
 v - 3 potions of berserk rage
 E - 3 potions of mutation
 T - 3 potions of might
 V - a potion of lignification
 X - 16 potions of ambrosia


   Skills:
 - Level 17.0 Fighting
 - Level 12.0 Staves
 - Level 10.0 Crossbows
 - Level 6.0 Armour
 - Level 14.1 Dodging
 - Level 2.0 Stealth
 - Level 12.0 Shields
 + Level 11.4 Spellcasting
 + Level 19.5 Necromancy
 - Level 5.0 Translocations
 + Level 5.4 Transmutations
 - Level 17.0 Earth Magic


You had 4 spell levels left.
You knew the following spells:

 Your Spells              Type           Power      Damage    Failure   Level
a - Pain                  Necr           100%       1d9       0%          1
b - Vampiric Draining     Necr           100%       2d13      1%          3
c - Animate Dead          Necr           59%        N/A       1%          4
d - Dispel Undead         Necr           100%       3d31      1%          4
e - Borgnjor's Vile Clut  Necr/Erth      57%        N/A       1%          5
f - Lee's Rapid Deconstr  Erth           44%        3d22*     1%          5
g - Blink                 Tloc           96%        N/A       7%          2
h - Infestation           Necr           59%        N/A       58%         8
i - Necromutation         Tmut/Necr      48%        N/A       100%        8

Your spell library contained the following spells:

 Spells                   Type           Power      Damage    Failure   Level
 Animate Skeleton         Necr           100%       N/A       0%          1
 Corpse Rot               Necr/Air       100%       N/A       1%          2
 Stone Arrow              Conj/Erth      100%       3d13      3%          3
 Petrify                  Tmut/Erth      72%        N/A       3%          4
 Apportation              Tloc           96%        N/A       4%          1
 Anguish                  Hex/Necr       43%        N/A       6%          4
 Animate Armour           Summ/Erth      100%       N/A       11%         4
 Leda's Liquefaction      Hex/Erth       31%        N/A       11%         4
 Magic Dart               Conj           68%        1d6       34%         1
 Shock                    Conj/Air       68%        1d7       34%         1
 Slow                     Hex            68%        N/A       34%         1
 Summon Small Mammal      Summ           68%        N/A       34%         1
 Portal Projectile        Hex/Tloc       66%        N/A       36%         3
 Ignite Poison            Fire/Tmut/Pois 29%        N/A       45%         3
 Poisonous Vapours        Pois/Air       34%        N/A       47%         2
 Confusing Touch          Hex            17%        N/A       71%         3
 Dazzling Flash           Conj/Hex       34%        N/A       71%         3
 Frozen Ramparts          Ice            34%        1d5       71%         3
 Inner Flame              Hex/Fire       17%        N/A       71%         3
 Mephitic Cloud           Conj/Pois/Air  17%        N/A       71%         3
 Tukima's Dance           Hex            17%        N/A       71%         3
 Ice Form                 Ice/Tmut       34%        N/A       75%         4
 Iskenderun's Mystic Bla  Conj/Tloc      33%        2d8       77%         4
 Airstrike                Air            8%         N/A       98%         4
 Cause Fear               Hex            8%         N/A       98%         4
 Fulminant Prism          Conj/Hex       8%         3d7       98%         4
 Summon Ice Beast         Ice/Summ       17%        N/A       98%         4
 Summon Lightning Spire   Summ/Air       17%        N/A       98%         4
 Agony                    Necr           100%       N/A       1%          5
 Excruciating Wounds      Necr           59%        N/A       1%          5
 Death Channel            Necr           59%        N/A       1%          6
 Statue Form              Tmut/Erth      48%        N/A       47%         6
 Borgnjor's Revivificati  Necr           59%        N/A       58%         8
 Blade Hands              Tmut           25%        N/A       71%         5
 Manifold Assault         Tloc           48%        N/A       77%         5
 Iron Shot                Conj/Erth      31%        9d6       86%         6
 Irradiate                Conj/Tmut      17%        3d19      97%         5
 Haunt                    Necr/Summ      43%        N/A       99%         7
 Fireball                 Conj/Fire      8%         3d6       100%        5
 Freezing Cloud           Conj/Ice/Air   8%         6-21      100%        5
 Iskenderun's Battlesphe  Conj           17%        2d7       100%        5
 Lightning Bolt           Conj/Air       8%         1d21      100%        5
 Metabolic Englaciation   Hex/Ice        8%         N/A       100%        5
 Silence                  Hex/Air        8%         N/A       100%        5
 Summon Mana Viper        Hex/Summ       17%        N/A       100%        5
 Conjure Ball Lightning   Conj/Air       8%         3x3d6     100%        6
 Dispersal                Tloc           24%        N/A       100%        6
 Starburst                Conj/Fire      8%         6d4       100%        6
 Dragon Form              Tmut           25%        N/A       100%        7
 Enfeeble                 Hex            8%         N/A       100%        7
 Malign Gateway           Summ/Tloc      16%        N/A       100%        7
 Monstrous Menagerie      Summ           8%         N/A       100%        7
 Orb of Destruction       Conj           8%         9d6       100%        7
 Spellforged Servitor     Conj/Summ      8%         N/A       100%        7
 Storm Form               Tmut/Air       17%        N/A       100%        7
 Discord                  Hex            8%         N/A       100%        8
 Disjunction              Tloc           24%        N/A       100%        8
 Lehudib's Crystal Spear  Conj/Erth      31%        10d8      100%        8
 Maxwell's Capacitive Co  Air            8%         ∞         100%        8
 Summon Horrible Things   Summ           8%         N/A       100%        8
 Death's Door             Necr           59%        N/A       100%        9
 Dragon's Call            Summ           8%         N/A       100%        9


Dungeon Overview and Level Annotations

Branches:
Dungeon (15/15)            Temple (1/1) D:6            Lair (6/6) D:9
  Swamp (4/4) Lair:2        Snake (4/4) Lair:3        Slime (0/5) Lair:5
    Orc (2/2) D:11            Elf (3/3) Orc:2        Vaults (0/5) D:13
 Depths (2/4) D:15          Sewer (visited)          Bailey (visited)
  IceCv (visited)         Gauntlet (visited)

Altars:
Ashenzari
Cheibriados
Dithmenos
Elyvilon
Fedhas
Gozag
Hepliaklqana
Kikubaaqudgha
Makhleb
Nemelex Xobeh
Okawaru
Qazlal
Ru
Sif Muna
Trog
Uskayaw
Vehumet
Wu Jian
Xom
Yredelemnul
Zin
The Shining One
Beogh
Jiyva

Shops:
D:3 :   D:8 [   Orc:1 *   Orc:2 *?[!   Snake:2 ::   Snake:3 =:

Portals:
Hell: Depths:1 Depths:2
Pandemonium: Depths:1 Depths:2
Trove: D:12 (give 14 scrolls of teleportation)

Annotations:
Depths:2 1 transporter, Laraso's ghost, adept DsAK


Innate Abilities, Weirdness & Mutations

Your flesh is cold resistant. (rC+)
You occasionally shout uncontrollably at your foes.


Message History

Your spriggan berserker zombie hits the storm dragon.
You swap places.
The zombie hands constrict the storm dragon!
The storm dragon bites you!! You block the storm dragon's attack. x2
The moth of wrath bites you but does no damage.
The storm dragon attacks as you move away!
You block the storm dragon's attack.
The storm dragon claws you but does no damage.
You block the storm dragon's attack.
The zombie hands constrict the storm dragon!
The caustic shrike claws your spriggan berserker zombie!!!
Your spriggan berserker zombie is splashed with acid.
The acid corrodes your spriggan berserker zombie!
The caustic shrike claws your spriggan berserker zombie!!
Your spriggan berserker zombie is splashed with acid.
Your spriggan berserker zombie is destroyed!
The storm dragon struggles to escape constriction.
The moth of wrath angrily waves its antennae.
Casting: Borgnjor's Vile Clutch (mildly dangerous; 1% risk of failure)
Confirm with . or Enter, or press ? or * to list all spells.
Aiming: Borgnjor's Vile Clutch (mildly dangerous; 1% risk of failure)
Press: ? - help, Shift-Dir - straight line, f - purple very ugly thing, p - storm dragon
Aim: a purple very ugly thing (100% to hit)
You feel a surge of power!
Zombie hands grab the purple very ugly thing.
The zombie hands constrict the storm dragon!
The zombie hands constrict the purple very ugly thing.
The storm dragon struggles to escape constriction.
The floating eye gazes piercingly through you!
You suddenly lose the ability to move!
The zombie hands constrict the storm dragon!
The zombie hands constrict the purple very ugly thing.
The caustic shrike claws you!
You are splashed with acid.
You resist. The caustic shrike claws you!!!
* * * LOW HITPOINT WARNING * * *
You are splashed with acid.
You resist.
* * * LOW HITPOINT WARNING * * *
The caustic shrike claws you!!
You die...
Kikubaaqudgha rasps: "You have failed me!
Welcome... death!"

.#....###....##..!.##§§§..###.#.#
.#......<..........#####......#..
.#.................#......#######
.#...[.............#..........#..
##.................#......###.#.#
........###©####..[[....#.# #.#.#
...(...##.###..#####....#.###.#.#
#####.##......#....#.............
......#....#.D.#@..##.........###
......#y.##..#yb....#.........#
......#©..#(WyDu##..#.........#
####.##.#...yG#.....#[........#
.....#....###Du.##.##.........#
.....##..#D[!:):(..#.[[.......#
..^...###. #####..##..####....#
........####.©.####...#########
/...###.......................#


You could see a shadow dragon, a caustic shrike (berserk), a storm dragon
(berserk, clutched), 2 very ugly things, a spark wasp, 2 moths of wrath, a
floating eye and Laraso's ghost.

Vanquished Creatures
  Sojobo (Depths:2)
  Nikola (Depths:2)
  A tentacled monstrosity (Swamp:3)
  Mlioglotl (Snake:3)
  The ghost of Zukhihyth the Peltast, an adept DDFi of Makhleb (Swamp:3)
  The ghost of Atuuduag the Deadly Accurate, an adept OgGl of the Shining One (Swamp:3)
  Asterion (Elf:2)
  A deep elf blademaster (Elf:3)
  2 quicksilver dragons (Snake:4)
  2 deep elf master archers (Elf:3)
  Frances (Snake:1)
  3 tengu reavers (Depths:2)
  3 thorn hunters
  Agnes (Snake:1)
  Roxanne (Elf:2)
  7 nagarajas
  A fenstrider witch (Swamp:2)
  A storm dragon (Depths:2)
  2 orc warlords
  A caustic shrike zombie (Depths:2)
  3 frost giants
  Aizul (Elf:3)
  6 deep elf sorcerers (Elf:3)
  A balrug (Depths:1)
  4 ghouls (Swamp:3)
  8 very ugly things
  A reaper (Gauntlet)
  3 stone giants (Depths:1)
  9 eleionomae
  2 deep elf demonologists
  A vampire knight (Depths:1)
  6 deep elf annihilators
  The ghost of Uwkokhav the Blocker, a journeyman GnFi of Cheibriados (Orc:1)
  3 bunyips
  A minotaur (Gauntlet)
  A bunyip (shapeshifter) (Depths:2)
  4 ettins
  Josephine (D:10)
  8 deep elf death magi
  4 fire dragons
  3 deep elf high priests
  A great orb of eyes (D:15)
  4 rakshasas
  A shambling mangrove (Swamp:4)
  30 hydras
  4 boulder beetles
  5 salamander tyrants
  A hell beast (Depths:2)
  A spriggan air mage (Depths:2)
  11 naga warriors
  A catoblepas (Lair:6)
  8 centaur warriors
  An ogre mage (D:11)
  4 two-headed ogres
  Erica (D:8)
  9 anacondas
  22 death yaks
  9 alligators
  A deep troll shaman (Depths:1)
  30 dancing weapons
  2 death knights
  5 orc high priests (Orc:2)
  5 tengu warriors
  5 naga sharpshooters
  A soul eater (Depths:1)
  A sun demon (Depths:2)
  3 spriggan berserkers
  2 shock serpents (Snake:2)
  A titan skeleton (Depths:2)
  A salamander mystic (Snake:3)
  18 deep elf knights
  An iron troll (Depths:1)
  A sixfirhy (Gauntlet)
  A skeletal warrior (D:10)
  4 deep trolls (Depths:1)
  2 goliath frogs (Swamp:1)
  2 spriggan druids (Swamp:4)
  13 deep elf archers
  3 bog bodies
  2 phantasmal warriors (D:13)
  2 lindwurms (Lair:6)
  8 swamp dragons
  46 deep elf pyromancers
  28 deep elf zephyrmancers
  7 naga ritualists
  An obsidian statue (Orc:1)
  2 wizards (D:13)
  A necromancer (Depths:2)
  6 orc knights (Orc:2)
  15 mana vipers
  35 ugly things
  2 orc sorcerers
  2 will-o-the-wisps
  6 elephants (Lair:6)
  5 cyclopes
  7 salamanders
  An iron dragon skeleton (Depths:2)
  5 manticores
  33 black mambas
  Maurice (D:8)
  12 naga magi
  An ice statue (IceCv)
  8 guardian serpents
  An orange demon (Depths:1)
  An eye of devastation (shapeshifter) (Elf:3)
  10 cane toads
  2 smoke demons
  A torpor snail (Lair:6)
  An unseen horror (shapeshifter) (D:13)
  7 rime drakes
  A gargoyle (D:12)
  An unseen horror (D:13)
  A minotaur zombie (Gauntlet)
  Psyche (D:8)
  11 komodo dragons
  The ghost of qwertyui the Skirmisher, a novice GrFi of Gozag (D:5)
  2 efreet
  An ice devil (Depths:2)
  A tengu conjurer (Depths:2)
  2 freezing wraiths
  2 hellwings
  A red devil (Gauntlet)
  8 trolls
  A bloated husk (Swamp:3)
  A queen bee (Lair:1)
  The ghost of sirJeffrey23 the Slasher, an amateur DgGl (D:5)
  6 tyrant leeches
  9 polar bears
  A hydra zombie (Swamp:4)
  11 slime creatures
  A wind drake (shapeshifter) (Elf:3)
  7 hornets
  A fire giant simulacrum (Depths:2)
  4 dream sheep (Lair:6)
  18 blink frogs
  A slime creature (shapeshifter) (D:15)
  3 centaur simulacra (D:11)
  2 air elementals
  A spriggan (shapeshifter) (D:10)
  4 spriggans
  2 shadows
  A ynoxinul (Depths:1)
  2 fire elementals
  3 water elementals
  8 wraiths
  55 yaks
  8 basilisks
  5 wyverns
  2 steam dragons (D:8)
  A neqoxec (Depths:2)
  11 vampire mosquitoes
  7 wargs
  13 swamp worms
  34 nagas
  5 acid dragons
  12 water moccasins
  2 ice beasts
  9 swamp drakes
  38 orc warriors
  3 sky beasts
  8 ogres
  13 wolves
  12 centaurs
  7 kobold brigands
  6 bullfrogs
  3 necrophages
  3 scorpions
  4 earth elementals
  4 gnoll sergeants
  A two-headed ogre simulacrum (D:11)
  3 wights (D:9)
  28 killer bees
  A howler monkey (D:13)
  3 crimson imps (Gauntlet)
  A human zombie (D:9)
  3 hounds
  7 centaur zombies (D:9)
  36 orc priests
  A gnoll shaman (D:6)
  5 jellies
  5 iguanas
  19 orc wizards
  6 hell rats (Lair:5)
  A spriggan simulacrum (D:11)
  A troll simulacrum (D:11)
  34 gnolls
  9 adders
  6 river rats
  3 shadow imps
  5 white imps
  4 ufetubi (Gauntlet)
  3 worms
  91 orcs
  5 endoplasms
  6 giant cockroaches
  35 goblins
  26 hobgoblins
  3 jackals (D:1)
  30 kobolds
  6 quokkas
  15 ball pythons
  6 bats
  3 frilled lizards (D:3)
  24 rats
1399 creatures vanquished.

Vanquished Creatures (collateral kills)
  A deep elf blademaster (Elf:3)
  2 alligators (Swamp:2)
  5 death yaks
  An orc high priest (Orc:2)
  A naga sharpshooter (Snake:4)
  A spriggan (Depths:2)
  A spriggan druid (Swamp:2)
  2 swamp dragons
  2 bog bodies
  A goliath frog (Swamp:3)
  A deep elf zephyrmancer (Elf:2)
  A will-o-the-wisp (Swamp:2)
  A guardian serpent (Snake:4)
  A fire giant skeleton (Depths:2)
  A black mamba (Snake:4)
  A cane toad (Lair:6)
  A rime drake (Lair:6)
  3 komodo dragons (Lair:6)
  A hornet (Depths:2)
  3 dream sheep (Lair:6)
  A vampire (D:10)
  A water elemental (D:11)
  A shadow (D:11)
  3 vampire mosquitoes
  A warg (Orc:1)
  2 swamp worms (Swamp:2)
  A water moccasin (Lair:5)
  A swamp drake (Swamp:2)
  2 orc warriors
  A wolf (IceCv)
  A centaur (D:15)
  A bullfrog (Lair:3)
  3 electric eels
  2 orc priests (Orc:2)
  2 gnolls
  2 adders (Sewer)
  2 river rats (Sewer)
  A worm (D:5)
  19 orcs
  A hobgoblin (D:4)
  5 goblins (D:5)
  7 kobolds (Sewer)
  2 rats (Sewer)
93 creatures vanquished.

Vanquished Creatures (others)
  A tentacled monstrosity (Depths:2)
  A deep elf knight (Elf:2)
  A black mamba (Snake:4)
  A water elemental (Elf:2)
  A yak (D:11)
  An ice beast (D:11)
  A wolf (IceCv)
  A briar patch (Swamp:1)
  A demonic plant (Gauntlet)
  13 foxfires
  31 fungi
  44 plants
  6 withered plants (D:5)
103 creatures vanquished.

Grand Total: 1595 creatures vanquished

Notes
Turn   | Place    | Note
-------+----------+-------------------------------------------
     0 | D:1      | zishaf the Human Necromancer began the quest for the Orb.
     0 | D:1      | Reached XP level 1. HP: 13/13 MP: 3/3
   229 | D:1      | Reached XP level 2. HP: 20/20 MP: 3/5
   488 | D:1      | Reached skill level 1 in Fighting
   818 | D:1      | Reached XP level 3. HP: 26/26 MP: 6/6
  1391 | D:2      | Learned a level 3 spell: Vampiric Draining
  1481 | D:2      | Reached skill level 5 in Necromancy
  1481 | D:2      | Reached XP level 4. HP: 29/33 MP: 4/7
  2476 | D:2      | Reached XP level 5. HP: 35/38 MP: 3/8
  3299 | D:3      | Learned a level 4 spell: Animate Dead
  3624 | D:3      | Found Maiheda's Book Shop.
  3677 | D:3      | Found a faded altar of an unknown god.
  3844 | D:3      | Reached XP level 6. HP: 46/46 MP: 0/9
  3940 | D:3      | Reached skill level 6 in Necromancy
  4300 | D:3      | You fall into a shaft and drop 3 floors!
  4314 | D:6      | Noticed an ogre
  4337 | D:6      | HP: 1/47 [ogre/+0 giant spiked club (20)]
  4342 | D:6      | Found a staircase to the Ecumenical Temple.
  4353 | Temple   | Entered the Ecumenical Temple
  4486 | D:6      | Killed an ogre
  4487 | D:6      | Reached XP level 7. HP: 52/52 MP: 0/11
  4578 | D:6      | Found a glowing drain.
  4621 | D:6      | Reached skill level 7 in Necromancy
  4673 | Sewer    | Entered a sewer
  5339 | Sewer    | Reached XP level 8. HP: 52/60 MP: 3/12
  5813 | D:5      | Entered Level 5 of the Dungeon
  5837 | D:5      | Reached skill level 8 in Necromancy
  6389 | D:5      | Found a runed translucent gate.
  6389 | D:5      | Found a runed translucent gate.
  6775 | D:5      | Found a runed translucent gate.
  6838 | D:4      | Reached skill level 9 in Necromancy
  7331 | D:4      | Found a hazy altar of Hepliaklqana.
  8303 | D:5      | Noticed sirJeffrey23's ghost (amateur DgGl)
  8303 | D:5      | Noticed qwertyui's ghost (novice GrFi)
  8333 | D:5      | Reached skill level 5 in Fighting
  9163 | D:5      | Reached XP level 9. HP: 68/68 MP: 3/13
  9781 | D:6      | Found a burning altar of Makhleb.
 10082 | D:6      | Reached skill level 10 in Necromancy
 10480 | D:6      | Identified the +1 cloak of the Evening Star {Harm rPois
                  | MP+9 SInv}
 10548 | D:6      | Found a sparkling altar of Nemelex Xobeh.
 10648 | D:6      | Reached skill level 1 in Shields
 11821 | D:7      | Reached skill level 11 in Necromancy
 11975 | D:7      | Found a sacrificial altar of Ru.
 12203 | D:8      | Noticed Psyche
 12214 | D:8      | Killed Psyche
 12215 | D:8      | Reached XP level 10. HP: 80/80 MP: 0/14
 12331 | D:8      | Found a bloodstained altar of Trog.
 12409 | D:8      | Identified 2 scrolls of acquirement
 12409 | D:8      | Acquired 763 gold pieces
 12411 | D:8      | Acquired the +2 helmet of the Solstice {rElec rCorr Int+4}
 12422 | D:8      | Noticed Maurice
 12442 | D:8      | Paralysed by Maurice for 6 turns
 12597 | D:8      | Killed Maurice
 12745 | D:8      | Found a radiant altar of Vehumet.
 12750 | D:8      | Found a broken altar of Ashenzari.
 12908 | D:8      | Found Dom Gaena's Antique Armour Boutique.
 12925 | D:8      | Bought a pair of warped gloves for 199 gold pieces
 12925 | D:8      | Identified the +1 pair of gloves "Rimol" {Contam rN++
                  | Regen+ Int+3} (You bought it in a shop on level 8 of the
                  | Dungeon)
 13102 | D:8      | Found an iron altar of Okawaru.
 13294 | D:8      | Noticed Erica
 13304 | D:8      | Killed Erica
 13305 | D:8      | Reached skill level 12 in Necromancy
 13438 | D:8      | Noticed a manticore
 13447 | D:8      | Killed a manticore
 13935 | D:8      | Reached skill level 5 in Shields
 14399 | D:9      | Reached skill level 10 in Fighting
 14569 | D:9      | Reached XP level 11. HP: 91/91 MP: 12/15
 15174 | D:9      | Found a staircase to the Lair.
 15513 | D:9      | Found an ancient bone altar of Kikubaaqudgha.
 15533 | D:9      | Became a worshipper of Kikubaaqudgha
 15628 | D:9      | Noticed a two-headed ogre
 15653 | D:9      | Killed a two-headed ogre
 15654 | D:9      | Reached skill level 13 in Necromancy
 15894 | D:10     | Entered Level 10 of the Dungeon
 15909 | D:10     | Found a flagged portal.
 16020 | Bailey   | Entered a bailey
 16035 | Bailey   | Acquired 763 gold pieces
 16583 | D:10     | Reached * piety under Kikubaaqudgha
 16583 | D:10     | Received a gift from Kikubaaqudgha
 16585 | D:10     | Noticed Josephine
 16641 | D:10     | Killed Josephine
 17115 | D:10     | Noticed an angel
 17117 | D:10     | Found a glowing silver altar of Zin.
 17518 | D:10     | Found a stormy altar of Qazlal.
 17978 | Lair:1   | Entered Level 1 of the Lair of Beasts
 18175 | Lair:1   | Reached skill level 14 in Necromancy
 18614 | Lair:1   | Reached XP level 12. HP: 93/102 MP: 15/17
 19022 | Lair:2   | Reached ** piety under Kikubaaqudgha
 19340 | Lair:2   | Reached skill level 5 in Spellcasting
 20062 | Lair:2   | Found a staircase to the Swamp.
 20389 | Lair:3   | Noticed an eight-headed hydra
 20575 | Lair:3   | Noticed a death yak
 20575 | Lair:3   | Noticed a death yak
 20576 | Lair:3   | Noticed a death yak
 20601 | Lair:2   | Killed a death yak
 20729 | Lair:3   | Reached XP level 13. HP: 113/113 MP: 2/22
 21036 | Lair:3   | Killed an eight-headed hydra
 21445 | Lair:3   | Found a staircase to the Snake Pit.
 22105 | Lair:4   | You fall into a shaft and drop 2 floors!
 22105 | Lair:6   | Entered Level 6 of the Lair of Beasts
 22105 | Lair:6   | Noticed a boulder beetle
 22588 | Lair:4   | Noticed a five-headed hydra
 22604 | Lair:4   | Killed a five-headed hydra
 22605 | Lair:4   | Reached skill level 15 in Necromancy
 23724 | Lair:5   | Found a viscous altar of Jiyva.
 23724 | Lair:5   | Found a staircase to the Slime Pits.
 23918 | Lair:5   | Reached *** piety under Kikubaaqudgha
 23918 | Lair:5   | Received a gift from Kikubaaqudgha
 24088 | Lair:5   | Reached XP level 14. HP: 107/120 MP: 20/27
 24313 | Lair:4   | Reached skill level 16 in Necromancy
 25085 | D:3      | Bought a manual of Dodging for 1040 gold pieces
 25090 | D:3      | Learned a level 4 spell: Dispel Undead
 25096 | D:3      | Learned a level 5 spell: Borgnjor's Vile Clutch
 25162 | D:5      | Killed sirJeffrey23's ghost
 25163 | D:5      | Killed qwertyui's ghost
 25563 | D:11     | Reached skill level 1 in Staves
 25563 | D:11     | Reached skill level 1 in Armour
 25563 | D:11     | Reached skill level 1 in Earth Magic
 25596 | D:11     | Found a frozen archway.
 25625 | IceCv    | Entered an ice cave
 25634 | IceCv    | Reached skill level 10 in Spellcasting
 26474 | IceCv    | Reached skill level 5 in Dodging
 26615 | IceCv    | Noticed a frost giant
 26701 | IceCv    | Killed a frost giant
 26936 | IceCv    | Reached **** piety under Kikubaaqudgha
 26959 | IceCv    | Reached skill level 5 in Earth Magic
 27959 | D:11     | Reached XP level 15. HP: 117/126 MP: 29/29
 28033 | D:11     | Found a staircase to the Orcish Mines.
 28716 | D:11     | Reached skill level 10 in Dodging
 28960 | D:11     | Got the Papyrus of Execration
 29164 | D:11     | Identified the +0 leather armour of Lerikh {rC+ Will+}
 29386 | Orc:1    | Entered Level 1 of the Orcish Mines
 29413 | Orc:1    | Reached skill level 5 in Staves
 29475 | Orc:1    | Reached ***** piety under Kikubaaqudgha
 29488 | Orc:1    | Noticed an orc warlord
 29532 | D:11     | Killed an orc warlord
 29831 | Orc:1    | Found a runed translucent gate.
 29831 | Orc:1    | Found a runed translucent gate.
 29831 | Orc:1    | Found a runed translucent gate.
 29832 | Orc:1    | Found an opulent altar of Gozag.
 29833 | Orc:1    | Noticed Uwkokhav's ghost (journeyman GnFi)
 29902 | Orc:1    | Noticed an orc warlord
 30184 | Orc:1    | Killed an orc warlord
 30366 | Orc:1    | Found Ume Kite's Assorted Antiques.
 30539 | Orc:1    | Killed Uwkokhav's ghost
 30559 | Orc:1    | Learned a level 5 spell: Lee's Rapid Deconstruction
 30660 | Orc:1    | Bought a scroll labelled MAIWKEXOMO for 24 gold pieces
 30685 | Orc:2    | Entered Level 2 of the Orcish Mines
 30693 | Orc:2    | Paralysed by an orc sorcerer for 5 turns
 31266 | Orc:2    | Found a staircase to the Elven Halls.
 32399 | Orc:2    | Reached ****** piety under Kikubaaqudgha
 32720 | Orc:2    | Found Towol's Magic Scroll Shoppe.
 32722 | Orc:2    | Found Fommel's Antique Armour Emporium.
 32722 | Orc:2    | Found Faatsu Faidu's Distillery.
 32723 | Orc:2    | Found Foliom's Assorted Antiques.
 32752 | Orc:2    | Bought a pair of glowing boots for 285 gold pieces
 32759 | Orc:2    | Bought 2 potions of heal wounds for 130 gold pieces
 32759 | Orc:2    | Bought 2 potions of heal wounds for 130 gold pieces
 32760 | Orc:2    | Bought a scroll of blinking for 105 gold pieces
 32760 | Orc:2    | Bought a scroll of enchant armour for 105 gold pieces
 32760 | Orc:2    | Bought a scroll of blinking for 105 gold pieces
 33019 | D:3      | Bought a book of Death for 572 gold pieces
 33398 | Lair:5   | Reached XP level 16. HP: 131/133 MP: 30/30
 34054 | Lair:6   | Reached skill level 10 in Shields
 36211 | Orc:2    | Bought a heavily runed scale mail for 297 gold pieces
 36211 | Orc:2    | Identified the +1 scale mail of Pandemonium {+Blink Str+7
                  | Dex-4} (You bought it in a shop on level 2 of the Orcish
                  | Mines)
 36395 | D:8      | Bought a warped scale mail for 189 gold pieces
 36395 | D:8      | Identified the +1 scale mail "Ypnejoasch" {rN+} (You bought
                  | it in a shop on level 8 of the Dungeon)
 36728 | D:12     | Found a portal to a secret trove of treasure.
 36805 | D:12     | Found a gate leading to a gauntlet.
 36819 | Gauntlet | Entered a Gauntlet
 36819 | Gauntlet | Found a transporter.
 36827 | Gauntlet | Found a transporter.
 36828 | Gauntlet | Found a transporter.
 36841 | Gauntlet | Found a runed translucent door.
 36844 | Gauntlet | Found a transporter.
 36844 | Gauntlet | Found a transporter.
 36855 | Gauntlet | Found a transporter.
 36871 | Gauntlet | Found a transporter.
 36881 | Gauntlet | Found a transporter.
 36891 | Gauntlet | Found a transporter.
 36905 | Gauntlet | Found a transporter.
 36914 | Gauntlet | Found a transporter.
 36917 | Gauntlet | Found a transporter.
 36979 | Gauntlet | Identified the +1 pair of gloves of Hebu {Regen+ Str+3}
 37061 | Gauntlet | Found a transporter.
 37069 | Gauntlet | Identified the +9 hand crossbow "Rumep" {elec, Dex+4}
 37128 | Gauntlet | Identified the ring "Hisiecag" {rF+ Will+ rCorr Dex+4}
 37409 | Orc:1    | Bought a scroll of teleportation for 72 gold pieces
 37599 | D:12     | Reached skill level 17 in Necromancy
 38085 | D:13     | Found a gate to the Vaults.
 38697 | D:13     | Reached XP level 17. HP: 139/139 MP: 25/31
 38749 | D:13     | Identified the +5 mace of Uskayaw's Delight {vamp, Int+3}
 39830 | D:14     | Identified the +2 rapier of Qarremp {flame, rElec Int+4
                  | Stlth-}
 40323 | D:14     | Reached skill level 10 in Earth Magic
 40971 | D:15     | Entered Level 15 of the Dungeon
 41488 | D:15     | Found a broken altar of Ashenzari.
 42513 | D:15     | Found a staircase to the Depths.
 42593 | Depths:1 | Entered Level 1 of the Depths
 42984 | Depths:1 | Found a gateway to Hell.
 42994 | Depths:1 | Reached skill level 5 in Armour
 43146 | Depths:1 | Reached skill level 10 in Staves
 43590 | Depths:1 | Reached XP level 18. HP: 146/146 MP: 27/32
 44008 | Depths:1 | Found a one-way gate leading to the halls of Pandemonium.
 44774 | Swamp:1  | Entered Level 1 of the Swamp
 45431 | Swamp:1  | You fall into a shaft and drop 1 floor!
 45577 | Swamp:2  | Acquired the +3 warlock's mirror {reflect}
 45577 | Swamp:2  | Found the +3 warlock's mirror {reflect}
 45658 | Swamp:2  | Acquired 892 gold pieces
 45660 | Swamp:2  | Acquired 886 gold pieces
 46467 | Swamp:3  | Found a runed translucent gate.
 46468 | Swamp:3  | Found a runed translucent gate.
 46468 | Swamp:3  | Found a runed translucent gate.
 46471 | Swamp:3  | Noticed Zukhihyth's ghost (adept DDFi)
 46471 | Swamp:3  | Noticed Atuuduag's ghost (adept OgGl)
 46477 | Swamp:3  | Killed Atuuduag's ghost
 46480 | Swamp:3  | Killed Zukhihyth's ghost
 46497 | Swamp:3  | Reached XP level 19. HP: 152/152 MP: 20/33
 46687 | Swamp:3  | Got the Guide on Summoning
 47281 | Swamp:3  | Noticed a tentacled monstrosity
 47289 | Swamp:3  | Killed a tentacled monstrosity
 47456 | Swamp:4  | Entered Level 4 of the Swamp
 47632 | Swamp:4  | Reached XP level 20. HP: 149/159 MP: 34/34
 47680 | Swamp:4  | Reached skill level 1 in Crossbows
 48440 | Swamp:4  | Got a decaying rune of Zot
 48763 | Swamp:4  | Got the Handbook of Reanimation Made Easy
 49042 | Snake:1  | Entered Level 1 of the Snake Pit
 49042 | Snake:1  | Noticed Agnes
 49051 | Snake:1  | Killed Agnes
 49310 | Snake:1  | Noticed Frances
 49319 | Snake:1  | Killed Frances
 49581 | Snake:1  | You fall into a shaft and drop 1 floor!
 49669 | Snake:2  | Found Maske's Book Shoppe.
 49669 | Snake:2  | Found Kewatoin's Book Emporium.
 49863 | Snake:2  | Reached skill level 5 in Crossbows
 50220 | Snake:2  | Identified the +3 leather armour "Kito" {*Slow rF+++ Dex-5
                  | SInv}
 51203 | Elf:1    | Entered Level 1 of the Elven Halls
 51218 | Elf:1    | Reached skill level 15 in Earth Magic
 51676 | Elf:1    | Reached skill level 15 in Fighting
 52167 | Elf:2    | Reached XP level 21. HP: 168/168 MP: 34/36
 52514 | Elf:2    | Found a runed translucent gate.
 52514 | Elf:2    | Found a runed translucent gate.
 52514 | Elf:2    | Found a runed translucent gate.
 52534 | Elf:2    | Reached skill level 18 in Necromancy
 52602 | Elf:2    | Noticed Asterion
 52631 | Elf:2    | Killed Asterion
 53485 | Elf:2    | Noticed Roxanne
 53520 | Elf:2    | Killed Roxanne
 53742 | Elf:1    | Found a radiant altar of Vehumet.
 53916 | Elf:2    | Found a runed translucent door.
 54179 | Elf:3    | Entered Level 3 of the Elven Halls
 54182 | Elf:3    | Found the +7 captain's cutlass {speed, disarm}
 54706 | Elf:3    | Noticed Aizul
 54712 | Elf:3    | Killed Aizul
 54792 | Elf:3    | Got Sif Muna's Reference Book on Attacks and Evil Rites
 54996 | Elf:3    | Reached skill level 10 in Crossbows
 55169 | Elf:3    | Identified the +8 war axe of Valour {spect, Fly rElec}
 55234 | Elf:3    | Reached XP level 22. HP: 172/177 MP: 26/37
 55243 | Elf:3    | Identified the +8 arbalest of Theory {venom, Str+6}
 55311 | Elf:3    | Identified the +1 scale mail of Parts Unknown {rPois Dex+3}
 55768 | Elf:3    | Got the Tome of Venomous Arcane Weapons
 55796 | Elf:3    | Found the +1 cloak of Starlight {*Dazzle EV+4 Stlth--}
 55798 | Elf:3    | Identified the +0 hand crossbow "Tiph" {freeze, rF- Int+5
                  | Dex+6}
 56101 | Elf:3    | Paralysed by an air elemental for 1 turns
 56856 | Snake:3  | Learned a level 2 spell: Blink
 56865 | Snake:3  | Learned a level 8 spell: Infestation
 57105 | Snake:3  | Noticed Mlioglotl
 57121 | Snake:3  | Killed Mlioglotl
 57122 | Snake:3  | Reached skill level 1 in Translocations
 57841 | Snake:3  | Reached skill level 19 in Necromancy
 58305 | Snake:3  | Found Unyrph's Book Shoppe.
 58306 | Snake:3  | Found Tih Tar's Jewellery Boutique.
 58306 | Snake:3  | Found Aklutel's Jewellery Boutique.
 58773 | Snake:4  | Entered Level 4 of the Snake Pit
 59664 | Snake:4  | Got a serpentine rune of Zot
 60031 | Snake:4  | Reached skill level 1 in Transmutations
 60952 | Depths:1 | Learned a level 8 spell: Necromutation
 61129 | Depths:2 | Reached skill level 5 in Translocations
 61227 | Depths:2 | Found a transporter.
 61249 | Depths:2 | Noticed a caustic shrike
 61250 | Depths:2 | Noticed Laraso's ghost (adept DsAK)
 61369 | Depths:2 | Noticed Sojobo
 61376 | Depths:2 | Killed Sojobo
 61377 | Depths:2 | Reached XP level 23. HP: 121/187 MP: 24/38
 61631 | Depths:2 | Found a transporter.
 61847 | Depths:2 | Gained mutation: Your body sometimes deteriorates upon
                  | taking damage. [a neqoxec]
 61857 | Depths:2 | Reached skill level 5 in Transmutations
 61864 | Depths:2 | Lost mutation: Your body sometimes deteriorates upon taking
                  | damage. [potion of mutation]
 61864 | Depths:2 | Gained mutation: You sometimes lose the ability to read
                  | scrolls when taking damage. [potion of mutation]
 61864 | Depths:2 | Gained mutation: You have a pair of small horns on your
                  | head. [potion of mutation]
 61864 | Depths:2 | Gained mutation: You occasionally shout uncontrollably at
                  | your foes. [potion of mutation]
 61864 | Depths:2 | Gained mutation: You are strong-willed. (Will+) [potion of
                  | mutation]
 61865 | Depths:2 | Lost mutation: You sometimes lose the ability to read
                  | scrolls when taking damage. [potion of mutation]
 61865 | Depths:2 | Lost mutation: You are strong-willed. (Will+) [potion of
                  | mutation]
 61865 | Depths:2 | Lost mutation: You have a pair of small horns on your head.
                  | [potion of mutation]
 61865 | Depths:2 | Gained mutation: Your flesh is cold resistant. (rC+)
                  | [potion of mutation]
 62024 | Depths:2 | Noticed Nikola
 62035 | Depths:2 | Killed Nikola
 62246 | Depths:2 | Found a stormy altar of Qazlal.
 62282 | Depths:2 | Identified the +1 chain mail of Zanoeplo {MP+9 Dex+3
                  | Stlth+}
 62474 | Depths:2 | Paralysed by a floating eye for 3 turns
 62475 | Depths:2 | Mangled by a caustic shrike

Illustrated notes

Levels and vault maps discovered:
D:1:      dpeg_arrival_castle, layout_basic
D:2:      layout_basic
D:3:      minmay_skewed_foursquare, layout_basic, serial_shops,
          nicolae_shop_statue_plus, hellmonk_ecumenical_altar_inner_sanctum
D:4:      corexii_shack_village, layout_layer_cave, mainiacjoe_overflow_paths
D:5:      minmay_goblin_kobold_castle, layout_basic, gammafunk_ghost_cemetery,
          minmay_manual_monstrance
D:6:      layout_gridville, lemuel_doored_altar, general_overflow_altar,
          minmay_temple_entry_offerings, portal_sewer_entry_e
D:7:      layout_cave_pools, nicolae_ru_path_of_blood
D:8:      layout_gridville, lemuel_crystal_altar, trog_antimagical,
          mainiacjoe_overflow_big_doors, minmay_shop_grid_forest, uniq_psyche,
          uniq_erica, uniq_maurice
D:9:      layout_basic, lemuel_mausoleum_altar_kikubaaqudgha, lair_entry_dummy,
          minivault_4
D:10:     layout_basic, zin_angel, lemuel_round_altar, enter_bailey_4,
          uniq_josephine
D:11:     minmay_the_grid_square_5x5_4x4_mashed
          [minmay_the_grid_square_5x5_minimal,
          minmay_the_grid_square_5x5_broken_cross,
          minmay_the_grid_square_5x5_spiral, minmay_the_grid_square_5x5_empty,
          minmay_the_grid_square_5x5_tie,
          minmay_the_grid_square_5x5_prize_waves,
          minmay_the_grid_square_5x5_prize_deathbox,
          minmay_the_grid_square_5x5_three_walls, minmay_the_grid_square_5x5_c,
          minmay_the_grid_square_5x5_prize_gold,
          minmay_the_grid_square_5x5_prize_pseudospiral,
          minmay_the_grid_square_5x5_inset,
          minmay_the_grid_square_5x5_sharp_hourglass,
          minmay_the_grid_square_5x5_doubleslash,
          minmay_the_grid_square_5x5_tri_point,
          minmay_the_grid_square_5x5_lines], layout_loops_cross, serial_ice,
          serial_ice_m, serial_ice_c, serial_ice_o, serial_ice_k,
          portal_ice_cave_entry_ice_simulacra
D:12:     layout_roguey, enter_trove_6, gauntlet_entry_generic
D:13:     layout_basic, david_vaults_1
D:14:     layout_rooms, serial_aquarium, aquarium_bridge_straight
          [aquarium_subvault_bridge, aquarium_subvault_wall,
          aquarium_subvault_bridge, aquarium_subvault_wall], aquarium_window_1,
          aquarium_window_1, aquarium_view_2c, aquarium_balcony_5b,
          aquarium_pool_S, minmay_misc_feat_iff
D:15:     gammafunk_enter_depths_forms, layout_loops_ring, special_room
          [special_room_orc], grunt_ministairs_3, ashenzari_conservatory_becter
Temple:   minmay_temple_curvy_loop
Lair:1:   layout_roguey, special_room [special_room_bee]
Lair:2:   layout_regular_city, minmay_swamp_entry_worms, serial_bayou_shore_a
Lair:3:   layout_cave_pods, guppyfry_snake_entry_island,
          eino_small_chamber_without_monster
Lair:4:   layout_cave_pods, pond
Lair:5:   layout_roguey, dpeg_slime_entry_enclosed_altar, serial_bayou_shore_b
Lair:6:   hangedman_lair_in_review, layout_gridlike, guppyfry_lair_end_dragon,
          grunt_megastairs_3
Swamp:1:  layout_basic_swamp, evilmike_swamp_ruin_rubble_2
Swamp:2:  layout_falls_marsh, evilmike_swamp_ruin_house_4
Swamp:3:  layout_basic_swamp, gammafunk_ghost_cemetery,
          evilmike_swamp_ruin_rubble_1
Swamp:4:  swamp_basic_johnstein, layout_basic_swamp, swamp_pool4,
          nicolae_swamp_necromancy_gone_wrong
Snake:1:  layout_onion, uniq_agnes, uniq_frances
Snake:2:  layout_basic, minmay_shoptagon
Snake:3:  layout_honeycomb, nicolae_snake_scaly_snakehead, minmay_shop_grove,
          uniq_mlioglotl
Snake:4:  hellmonk_snake_rune_quicksilver_temple, layout_grid_shapes,
          st_stairs_1, lemuel_fruit_tree
Orc:1:    layout_caves, ebering_ghost_gozag
Orc:2:    st_orc_pillars, layout_caves, mines2_david
Elf:1:    elf_arrival_002, layout_geoelf_octagon, hangedman_elf_represent,
          dk_noncrumbling_2, lemuel_upstairs_altar
Elf:2:    nicolae_elf_blades_splatter_lattice
          [nicolae_blade_entry_hurt_lockers], layout_rooms, minivault_13,
          uniq_asterion, uniq_roxanne
Elf:3:    grunt_elf_hall_branching, layout_onion_city, evilmike_minifort,
          uniq_aizul
Depths:1: layout_basic, serial_co_window_serial, co_window_paths_a,
          co_window_paths_a, co_window_paths_a, co_window_paths_b,
          co_window_corner_a, co_window_broadway_a, co_window_corner_b,
          co_window_broadway_a, co_window_2corner, co_window_cross_4,
          glass_columns_a, glass_columns_c, glass_columns_a, glass_columns_c,
          glass_columns_a, hell_entry, rand_demon_pan_entry_9
Depths:2: minmay_mutant_horseshoe, layout_gridville, hell_entry,
          rand_demon_pan_entry_4, gammafunk_ghost_berserking_beasts,
          statue_in_the_mist_lemuel, minmay_misc_feat_cross,
          grunt_qazlal_clouds, uniq_sojobo, uniq_nikola

Skill      XL: |  1  2  3  4  5  6  7  8  9 10 11 12 13 14 15 16 17 18 19 20 21 22 23 |
---------------+----------------------------------------------------------------------+-----
Fighting       | 1 2 3 4 5 8 10 12 14 15 17 | 17.0
Necromancy     | 5 6 7 9 11 12 14 15 16 17 18 19 | 19.5
Spellcasting   | 3 6 9 10 11 | 11.4
Shields        | 3 5 7 9 10 12 | 12.0
Staves         | 3 6 8 10 12 | 12.0
Armour         | 3 5 6 |  6.0
Earth Magic    | 5 8 9 11 13 14 15 16 17 | 17.0
Dodging        | 8 11 13 14 | 14.1
Crossbows      | 7 10 | 10.0
Translocations | 5 |  5.0
Transmutations | 3 5 |  5.4
Stealth        | |  2.0

Action                   |  1- 3 |  4- 6 |  7- 9 | 10-12 | 13-15 | 16-18 | 19-21 | 22-24 || total
-------------------------+-------+-------+-------+-------+-------+-------+-------+-------++-------
Melee: Dagger            |    21 |    27 |    57 |   407 |    80 |    11 |       |       ||   603
       Staff             |       |    14 |   258 |   713 |   865 |   565 |    74 |    81 ||  2570
       Punch             |       |       |     4 |    13 |       |       |       |       ||    17
       Unarmed           |       |       |       |    15 |    10 |       |       |       ||    25
 Fire: Hand crossbow     |       |       |       |       |       |     6 |   270 |    41 ||   317
 Cast: Pain              |    42 |   109 |   279 |   108 |    51 |     8 |       |     7 ||   604
       Vampiric Draining |       |     5 |    28 |   123 |   395 |   247 |     5 |     5 ||   808
       Animate Dead      |       |       |    18 |    11 |    37 |    19 |    15 |     9 ||   109
       Dispel Undead     |       |       |       |       |    15 |    13 |    10 |     6 ||    44
       Borgnjor's Vile C |       |       |       |       |     6 |   124 |   248 |   161 ||   539
       Lee's Rapid Decon |       |       |       |       |     2 |    33 |    12 |    12 ||    59
       Blink             |       |       |       |       |       |       |       |     1 ||     1
Invok: Receive Corpses   |       |       |       |     1 |     4 |     2 |     2 |     1 ||    10
       Torment           |       |       |       |       |       |     1 |       |       ||     1
Evoke: Wand              |       |       |     1 |     1 |    16 |     4 |       |       ||    22
       Phial of floods   |       |       |       |       |     1 |       |       |       ||     1
       Tin of tremorston |       |       |       |       |       |     2 |       |       ||     2
  Use: Scroll            |       |     7 |     4 |     8 |    10 |     6 |     2 |     3 ||    40
       Potion            |       |       |     1 |     3 |     5 |     1 |     2 |     9 ||    21
 Stab: Sleeping          |     2 |       |     3 |     6 |     1 |     6 |       |       ||    18
       Distracted        |       |       |     1 |       |     4 |       |       |       ||     5
Armor: Robe              |     3 |     6 |    84 |   338 |   203 |   151 |    93 |    31 ||   909
       Skin              |       |       |       |   121 |    17 |       |       |       ||   138
       Quicksilver drago |       |       |       |       |       |       |       |    15 ||    15
Dodge: Dodged            |    21 |    76 |   439 |  1045 |   808 |   538 |   176 |   104 ||  3207
Block: Tower shield      |       |       |       |   575 |  1528 |   989 |   399 |   207 ||  3698
       Kite shield       |       |       |       |     2 |       |       |       |       ||     2

Table legend: (Time is in decaauts)
 A = Elapsed time spent in this place.
 B = Non-inter-level travel time spent in this place.
 C = Inter-level travel time spent in this place.
 D = Time resting spent in this place.
 E = Time spent auto-exploring this place.
 F = Levels seen in this place.
 G = Mean time per level.
                   A        B        C        D        E       F      G
               +--------+--------+--------+--------+--------+-----+--------+
         Total |  63921 |  57654 |   6267 |   8000 |  31234 |  41 | 1559.0 |
       Dungeon |  27450 |  23716 |   3734 |   2479 |  14536 |  15 | 1830.0 |
        Temple |    237 |    203 |     34 |      0 |    106 |   1 |  237.0 |
          Lair |  10598 |   9535 |   1063 |   1225 |   4876 |   6 | 1766.3 |
         Swamp |   4501 |   4387 |    114 |    798 |   2166 |   4 | 1125.2 |
     Snake Pit |   5752 |   5388 |    364 |    674 |   3378 |   4 | 1438.0 |
  Orcish Mines |   3465 |   3046 |    419 |    558 |   1388 |   2 | 1732.5 |
   Elven Halls |   5151 |   4857 |    294 |   1204 |   2068 |   3 | 1717.0 |
        Depths |   3178 |   2935 |    243 |    439 |   1688 |   2 | 1589.0 |
         Sewer |    988 |    988 |      0 |    147 |    352 |   1 |  988.0 |
        Bailey |    530 |    530 |      0 |      0 |    304 |   1 |  530.0 |
      Ice Cave |   1611 |   1611 |      0 |    383 |    371 |   1 | 1611.0 |
      Gauntlet |    455 |    455 |      0 |     93 |      0 |   1 |  455.0 |
               +--------+--------+--------+--------+--------+-----+--------+

Top non-repeatable levels by time:
     D:5: 2688 daAuts
    D:11: 2599 daAuts
    D:10: 2414 daAuts
  Lair:6: 2392 daAuts
 Snake:3: 2249 daAuts
   Elf:2: 2124 daAuts
     D:8: 2110 daAuts
    D:13: 2096 daAuts
     D:9: 2007 daAuts
    D:15: 1992 daAuts
  Lair:2: 1968 daAuts
     D:6: 1962 daAuts
   Orc:2: 1960 daAuts
Depths:1: 1941 daAuts
   Elf:3: 1922 daAuts
